 Dungeon Crawl Stone Soup version 0.22-a0-223-g0f5d773 (webtiles) character file.

24773 vishdafish the Carver (level 12, -1/94 HPs)
             Began as a Demonspawn Gladiator on Feb 18, 2018.
             Was a High Priest of Yredelemnul.
             Slain by a minotaur
             ... wielding a +0 halberd of venom
              (8 damage)
             ... in a labyrinth.
             The game lasted 00:45:37 (14481 turns).

vishdafish the Carver (Demonspawn Gladiator)       Turns: 14481, Time: 00:45:39

Health: -1/94      AC: 17    Str: 21    XL:     12   Next: 83%
Magic:  18/18      EV: 16    Int: 13    God:    Yredelemnul [*****.]
Gold:   1044       SH:  0    Dex: 16    Spells: 11/11 levels left

rFire    + . .     SeeInvis .   D - +0 great sword
rCold    + + .     Gourm    .   (shield currently unavailable)
rNeg     . . .     Faith    .   H - +2 leather armour of Lier {rF+ rC+ rCorr}
rPois    .         Spirit   .   c - +0 helmet
rElec    .         Reflect  .   C - +2 cloak
rCorr    +         Harm     .   b - +2 pair of gloves
MR       .....                  (boots unavailable)
Stlth    +.........             s - amulet of regeneration
HPRegen  0.65/turn              B - ring of Egalitarianism {rC+ Int+2}
MPRegen  0.16/turn              I - +4 ring of strength

@: lethally poisoned (-1 -> -23)
A: hooves 3, molten scales 2, spiny 3
a: Recall Undead Slaves, Injury Mirror, Animate Dead, Drain Life, Enslave Soul,
Renounce Religion


You were in a labyrinth.
You worshipped Yredelemnul.
Yredelemnul was extremely pleased with you.
You were not hungry.

You visited 4 branches of the dungeon, and saw 19 of its levels.
You also visited: Labyrinth, Sewer and Ice Cave.

You collected 1167 gold pieces.
You spent 123 gold pieces at shops.

Inventory:

Hand Weapons
 d - a +2 glaive of freezing
 m - a +0 hand crossbow
 D - a +0 great sword (weapon)
 R - a +2 falchion of freezing
Missiles
 n - 102 bolts
Armour
 b - a +2 pair of gloves (worn)
 c - a +0 helmet (worn)
 C - a +2 cloak (worn)
 H - the +2 leather armour of Lier (worn) {rF+ rC+ rCorr}
   (You found it on level 9 of the Dungeon)

   It protects you from fire.
   It protects you from cold.
   It protects you from acid and corrosion.
 Q - the +1 leather armour "Jidweymuri" {rF- rN+ rCorr Str+2}
   (You found it on level 1 of the Lair of Beasts)

   It affects your strength (+2).
   It makes you vulnerable to fire.
   It protects you from negative energy.
   It protects you from acid and corrosion.
 X - the +1 fire dragon scales of the Constellations {rF++ rC- rN+ rCorr Str-3}
   (You found it in an ice cave)

   It affects your strength (-3).
   It greatly protects you from fire.
   It makes you vulnerable to cold.
   It protects you from negative energy.
   It protects you from acid and corrosion.
Jewellery
 o - a +1 ring of protection
 s - an amulet of regeneration (around neck)
 x - an uncursed amulet of harm {unknown}
 B - the ring of Egalitarianism (left hand) {rC+ Int+2}
   (You found it on level 7 of the Dungeon)

   [ring of protection from cold]

   It affects your intelligence (+2).
   It protects you from cold.
 I - a +4 ring of strength (right hand)
 M - an uncursed ring of protection from cold
Wands
 k - a wand of digging (11)
 w - a wand of polymorph (29)
 y - a wand of flame (26)
 J - a wand of enslavement (22)
 N - a wand of iceblast (3)
 T - a wand of random effects (73)
 V - a wand of paralysis (15)
Scrolls
 i - 4 scrolls of enchant armour
 l - 3 scrolls of enchant weapon
 q - 6 scrolls of teleportation
 u - a scroll of holy word {unknown}
 A - 3 scrolls of immolation
 F - 4 scrolls of magic mapping
 G - 2 scrolls of fog
 K - 3 scrolls of remove curse
 O - 3 scrolls of amnesia
 S - a scroll of torment {unknown}
 W - 2 scrolls of blinking {unknown}
Potions
 a - 2 potions of haste
 e - a potion of curing
 g - a potion of flight
 h - a potion of mutation
 j - 2 potions of brilliance
 r - 3 potions of lignification {unknown}
 t - 3 potions of ambrosia
 v - a potion of invisibility
 z - a potion of cancellation {unknown}
 E - 2 potions of magic
 L - 2 potions of agility {unknown}
 P - 2 potions of heal wounds
 Y - a potion of resistance
Miscellaneous
 U - a sack of spiders
Comestibles
 f - 41 rations


   Skills:
 + Level 8.5 Fighting
 - Level 11.2 Long Blades
 + Level 7.3 Crossbows
 - Level 2.1 Throwing
 - Level 8.2 Armour
 + Level 7.0 Dodging
 * Level 0.3 Spellcasting
 - Level 8.0 Invocations
 - Level 6.3 Evocations


You had 11 spell levels left.
You didn't know any spells.

Dungeon Overview and Level Annotations

Branches:
Dungeon (12/15)            Temple (1/1) D:6            Lair (5/6) D:8
  Swamp (0/4) Lair:4        Snake (0/4) Lair:4        Slime (0/5) Lair:5
    Orc (1/2) D:10

Altars:
Ashenzari
Cheibriados
Dithmenos
Elyvilon
Gozag
Hepliaklqana
Kikubaaqudgha
Makhleb
Nemelex Xobeh
Okawaru
Qazlal
Ru
Sif Muna
Trog
Uskayaw
Wu Jian
Xom
Yredelemnul
Zin
The Shining One

Shops:
D:5 %   D:6 %   D:7 [   D:9 }   D:11 ?   D:12 *

Annotations:
D:9 Gastronok


Innate Abilities, Weirdness & Mutations

You have hooves in place of feet.
You are mostly covered in molten scales. (AC +3)
You are completely covered in sharp spines.


Message History

The soldier ant struggles against the net.
You hit the minotaur but do no damage. Your kick misses the minotaur.
The minotaur is heavily wounded.
The minotaur is struck by your spines. The minotaur barely misses you.
The minotaur gores you.
The soldier ant struggles against the net.
You closely miss the minotaur.
The minotaur is severely wounded.
The minotaur hits you with a halberd of venom!!
You are poisoned.
The minotaur gores you!
* * * LOW HITPOINT WARNING * * *
The soldier ant struggles against the net.
You feel better.
The minotaur hits you with a halberd of venom!!
* * * LOW HITPOINT WARNING * * *
You are lethally poisoned!
The minotaur gores you!
You die...
Your body rises from the dead as a mindless zombie.

... # .
####.### .
......# # # ###
#.###.# # # #
#.. #((sH # #.
##.##.###.
#.... (.# . #
#.
###.##.##(###
#.
.#.....s@Ha..#
#
#.#####.##..#.#
. .. #...
...#... . # #
##.## #.##### .
.# .#.. ## #
##.###.####
.... . .. ...
▓▓ ▓▓▓▓ ▓▓ ▓▓


You could see a minotaur, a soldier ant (caught) and a friendly redback.

Vanquished Creatures
  Kirke (Lair:4)
  A hydra (Lair:3)
  A two-headed ogre (D:11)
  Pikel (D:6)
  An orc sorcerer (D:10)
  A cyclops (D:12)
  2 ice statues (IceCv)
  Maurice (D:8)
  4 spiny frogs
  A gargoyle (D:10)
  A centaur skeleton (D:12)
  2 komodo dragons
  A rime drake (Lair:4)
  7 ice devils
  4 trolls
  Prince Ribbit (D:10)
  2 blink frogs (Lair:4)
  2 hippogriffs
  2 redbacks (Lab)
  16 yaks
  4 wyverns
  4 hogs
  A hungry ghost (D:9)
  3 basilisks
  The ghost of vishdafish the Slasher, an amateur DsGl of Yredelemnul (D:4)
  A steam dragon (Lair:3)
  A warg (D:10)
  3 water moccasins
  A hornet zombie (D:9)
  6 porcupines
  4 sky beasts
  6 orc warriors
  7 black bears
  An ice beast (D:7)
  3 ogres
  4 phantoms
  2 necrophages
  9 wolves
  6 centaurs
  3 crocodiles
  2 big kobolds
  12 bullfrogs
  A water moccasin zombie (D:9)
  5 scorpions
  5 killer bees (D:12)
  2 electric eels
  A howler monkey (D:9)
  4 crimson imps
  5 hounds
  3 gnoll shamans
  2 jellies
  A bullfrog zombie (D:5)
  9 orc priests
  4 bullfrog skeletons
  2 iguanas (D:5)
  18 orc wizards
  7 worker ants
  2 killer bee zombies
  2 worker ant zombies
  Robin (D:4)
  41 gnolls
  2 river rats (Sewer)
  8 adders
  3 shadow imps
  11 white imps (IceCv)
  4 ufetubi (IceCv)
  2 worms
  A dart slug (D:4)
  3 leopard geckos
  40 orcs
  10 giant cockroaches
  18 goblins
  8 hobgoblins
  23 jackals
  7 quokkas
  2 ball pythons
  9 bats
  8 frilled lizards
  A jackal zombie (D:7)
  10 kobolds
  A leopard gecko zombie (D:6)
  10 rats
432 creatures vanquished.

Vanquished Creatures (collateral kills)
  A spiny frog (Lair:5)
  An ice devil (D:11)
  A blink frog (Lair:4)
  A hippogriff (Lair:4)
  4 yaks
  A basilisk (Lair:5)
  A porcupine (Lair:4)
  2 wolves (Lair:4)
  5 fungi
17 creatures vanquished.

Vanquished Creatures (others)
  A reaper (IceCv)
  2 redback zombies (Lab)
  A wraith (Lair:3)
  A hippogriff zombie (D:10)
  An elf skeleton (D:11)
  A water moccasin zombie (Lair:3)
  3 yak zombies (D:11)
  A wight (Lair:1)
  A human zombie (D:10)
  A centaur zombie (D:10)
  A porcupine zombie (Lair:1)
  A mummy (IceCv)
  A worker ant zombie (D:11)
  A shadow imp (D:6)
  2 white imps (IceCv)
  4 ufetubi (IceCv)
  3 orc zombies (D:11)
  An orc skeleton (D:11)
  5 plants (Lair:5)
32 creatures vanquished.

Grand Total: 481 creatures vanquished

Notes
Turn   | Place    | Note
-------+----------+-------------------------------------------
     0 | D:1      | vishdafish the Demonspawn Gladiator began the quest for the Orb.
     0 | D:1      | Reached XP level 1. HP: 16/16 MP: 1/1
   224 | D:1      | Gained mutation: You have large cloven feet. [demonic ancestry]
   224 | D:1      | Reached XP level 2. HP: 22/22 MP: 2/2
   317 | D:1      | Reached skill level 3 in Long Blades
   745 | D:2      | Gained mutation: You are partially covered in sharp spines. [demonic ancestry]
   745 | D:2      | Reached XP level 3. HP: 27/28 MP: 3/3
  1069 | D:2      | Found an ancient bone altar of Kikubaaqudgha.
  1081 | D:2      | Found a shadowy altar of Dithmenos.
  1084 | D:2      | Found a snail-covered altar of Cheibriados.
  2139 | D:3      | Reached XP level 4. HP: 27/34 MP: 4/4
  2269 | D:3      | Reached skill level 1 in Crossbows
  2269 | D:3      | Reached skill level 1 in Armour
  2288 | D:3      | Gained mutation: You are partially covered in molten scales. (AC +2) [demonic ancestry]
  2288 | D:3      | Reached XP level 5. HP: 30/40 MP: 5/5
  2333 | D:3      | Reached skill level 4 in Long Blades
  2556 | D:3      | Noticed an ogre
  2565 | D:3      | Reached XP level 6. HP: 27/47 MP: 6/6
  2692 | D:3      | Gained mutation: You have hoof-like feet. [demonic ancestry]
  2692 | D:3      | Reached XP level 7. HP: 53/53 MP: 7/7
  3248 | D:4      | Noticed vishdafish's ghost (amateur DsGl)
  3249 | D:4      | Reached skill level 5 in Long Blades
  3261 | D:4      | Killed vishdafish's ghost
  3393 | D:4      | Found a glowing drain.
  3401 | Sewer    | Entered a sewer
  3586 | Sewer    | Found a white marble altar of Elyvilon.
  3708 | D:4      | Gained mutation: You are mostly covered in sharp spines. [demonic ancestry]
  3708 | D:4      | Reached XP level 8. HP: 57/61 MP: 8/8
  3733 | D:4      | Noticed Robin
  3747 | D:4      | Killed Robin
  3779 | D:4      | Reached skill level 1 in Evocations
  3866 | D:4      | Found a glowing golden altar of the Shining One.
  3885 | D:4      | Got a dazzling war axe
  3886 | D:4      | Identified the +1 war axe of Fortitude {freeze, Dex+2} (You found it on level 4 of the Dungeon)
  4580 | D:5      | Entered Level 5 of the Dungeon
  4776 | D:5      | Reached skill level 5 in Fighting
  5074 | D:5      | Found Nidghiwk's Food Emporium.
  5290 | D:5      | Found a glowing silver altar of Zin.
  5292 | D:5      | Found a hide-covered altar of Uskayaw.
  5609 | D:6      | Reached skill level 6 in Long Blades
  5609 | D:6      | Gained mutation: You are completely covered in sharp spines. [demonic ancestry]
  5609 | D:6      | Reached XP level 9. HP: 57/68 MP: 10/12
  5618 | D:6      | Found a staircase to the Ecumenical Temple.
  5628 | Temple   | Entered the Ecumenical Temple
  5632 | Temple   | Became a worshipper of Yredelemnul the Dark
  5693 | D:6      | Found Cehepsai's Food Shoppe.
  5849 | D:6      | Noticed Pikel
  5867 | D:6      | Killed Pikel
  5867 | D:6      | Reached skill level 5 in Evocations
  6063 | D:7      | Found Borik's Armour Boutique.
  6065 | D:7      | Reached skill level 5 in Crossbows
  6068 | D:7      | Noticed Prince Ribbit
  6131 | D:7      | Got a crude copper ring
  6133 | D:7      | Identified the ring of Egalitarianism {rC+ Int+2} (You found it on level 7 of the Dungeon)
  6287 | D:7      | Found a glowing golden altar of the Shining One.
  6654 | D:8      | Noticed Maurice
  6694 | D:8      | Killed Maurice
  6694 | D:8      | Reached skill level 5 in Dodging
  6714 | D:8      | Gained mutation: You are mostly covered in molten scales. (AC +3) [demonic ancestry]
  6714 | D:8      | Reached XP level 10. HP: 74/76 MP: 14/14
  6774 | D:8      | Reached * piety under Yredelemnul
  6795 | D:8      | Reached skill level 1 in Invocations
  6974 | D:8      | Found a staircase to the Lair.
  7323 | D:9      | Got a brightly glowing leather armour
  7334 | D:9      | Identified the +2 leather armour of Lier {rF+ rC+ rCorr} (You found it on level 9 of the Dungeon)
  7350 | D:9      | Reached skill level 7 in Long Blades
  7350 | D:9      | Reached ** piety under Yredelemnul
  7429 | D:9      | Noticed Gastronok
  7612 | D:9      | Found Jifom's Gadget Boutique.
  7709 | D:10     | Entered Level 10 of the Dungeon
  7820 | D:10     | Reached skill level 5 in Invocations
  7913 | D:10     | Killed Prince Ribbit
  8109 | D:10     | Found a staircase to the Orcish Mines.
  8225 | D:10     | Noticed a gargoyle
  8245 | D:10     | Your ally Prince Ribbit died
  8247 | D:10     | Killed a gargoyle
  8247 | D:10     | Reached *** piety under Yredelemnul
  8589 | D:11     | Found a deep blue altar of Sif Muna.
  8736 | D:11     | Gained mutation: You have hooves in place of feet. [demonic ancestry]
  8736 | D:11     | Reached XP level 11. HP: 71/84 MP: 16/16
  8849 | D:11     | Found a frozen archway.
  8929 | IceCv    | Entered an ice cave
  9080 | IceCv    | Killed a reaper
  9396 | IceCv    | Reached skill level 8 in Long Blades
  9462 | IceCv    | Reached **** piety under Yredelemnul
  9536 | IceCv    | Got bronze fire dragon scales
  9547 | IceCv    | Identified the +1 fire dragon scales of the Constellations {rF++ rC- rN+ rCorr Str-3} (You found it in an ice cave)
  9607 | IceCv    | Received a gift from Yredelemnul (a mummy)
 10154 | D:11     | Found Roorhem's Magic Scroll Shop.
 10160 | D:11     | Bought a scroll of identify for 34 gold pieces
 10160 | D:11     | Bought a scroll of fog for 34 gold pieces
 10443 | D:11     | Noticed a two-headed ogre
 10460 | D:11     | Killed a two-headed ogre
 10676 | D:12     | Found Unolasin's Assorted Antiques.
 10691 | D:12     | Bought a yellow potion for 26 gold pieces
 10691 | D:12     | Bought a scroll labeled UTSOCAY SOCIP for 29 gold pieces
 10766 | D:12     | Reached skill level 9 in Long Blades
 10877 | Orc:1    | Entered Level 1 of the Orcish Mines
 10877 | Orc:1    | Noticed an orc high priest
 10877 | Orc:1    | Noticed an orc sorcerer
 10879 | Orc:1    | Received a gift from Yredelemnul (a wight)
 10985 | Orc:1    | Paralysed by an orc sorcerer for 6 turns
 10990 | Orc:1    | Noticed a sun demon
 10993 | D:10     | Killed an orc sorcerer
 11083 | Lair:1   | Entered Level 1 of the Lair of Beasts
 11127 | Lair:1   | Got a bloodstained leather armour
 11138 | Lair:1   | Identified the +1 leather armour "Jidweymuri" {rF- rN+ rCorr Str+2} (You found it on level 1 of the Lair of Beasts)
 11251 | Lair:1   | Received a gift from Yredelemnul (a wraith)
 11254 | Lair:1   | Reached skill level 5 in Armour
 11256 | Lair:1   | Reached XP level 12. HP: 74/94 MP: 18/18
 12547 | Lair:3   | Noticed a six-headed hydra
 12556 | Lair:3   | Killed a six-headed hydra
 12627 | Lair:3   | Received a gift from Yredelemnul (a mummy)
 12781 | Lair:3   | Reached skill level 10 in Long Blades
 13226 | Lair:4   | Noticed Kirke
 13300 | Lair:4   | Killed Kirke
 13345 | Lair:4   | Found a staircase to the Snake Pit.
 13396 | Lair:4   | Received a gift from Yredelemnul (a vampire)
 13603 | Lair:4   | Reached skill level 11 in Long Blades
 13650 | Lair:4   | Found a staircase to the Swamp.
 13826 | Lair:4   | Received a gift from Yredelemnul (4 flying skulls)
 13970 | Lair:4   | Reached ***** piety under Yredelemnul
 14145 | Lair:5   | Found a labyrinth entrance.
 14157 | Lab      | Entered a labyrinth
 14439 | Lab      | Noticed a minotaur
 14481 | Lab      | Slain by a minotaur

Vault maps used:
D:1:      dpeg_arrival_arbitrary_c, hangedman_abyss_or_decor_lesser_grid,
          bh_walls_and_bars
D:2:      nicolae_overflow_hidden_temple
D:3:      lemuel_castle_with_subvaults, hex_large
D:4:      gup_sewer_entry_bubbles, nicolae_tso_carved_into_rock, uniq_robin
D:5:      minitemple, serial_shops, shop, first_ration
D:6:      minmay_temple_entry_large_hall, serial_shops, shop, uniq_pikel
D:7:      nicolae_overflow_crystal_walls, serial_shops, shop,
          uniq_prince_ribbit1
D:8:      lair_entry_dummy, uniq_maurice
D:9:      serial_shops, shop, uniq_gastronok
D:10:     erik_orc_4
D:11:     portal_ice_cave_demonic_guard, basic_altar, serial_shops, shop,
          grunt_ogre_cave
D:12:     serial_shops, nicolae_shop_overgrown_old_shop
Temple:   nicolae_temple_x_marks_the_god
Lair:2:   gammafunk_lair_bear_cave, lemuel_fruit_tree
Lair:3:   grunt_megastairs_4
Lair:4:   swamp_mist_pool, dummy_snake_entry, grunt_megastairs_2,
          serial_bayou_shore_b, uniq_kirke
Lair:5:   minmay_slime_entry_oklob_enclosed, lab_entry_generic,
          grunt_forest_stairs_clearing, infiniplex_staircase_pool,
          grunt_megastairs_5, serial_bayou_shore_a, minmay_lair_oklob_chamber
Orc:1:    special_room, serial_shops, nicolae_shop_behind_doors, shop,
          nicolae_shop_statue_plus, uniq_erolcha, uniq_harold, uniq_urug
Lab:      nicolae_lab_checkerboard, nicolae_lab_grate_2, lab_statue
Sewer:    sewer_kobolds
IceCv:    ice_cave_small_demon

Skill      XL: |  1  2  3  4  5  6  7  8  9 10 11 12 |
---------------+-------------------------------------+-----
Long Blades    | 3 4 5 6 7 9 11 | 11.2
Throwing       | 2 |  2.1
Dodging        | 3 4 5 6 7 |  7.0
Crossbows      | 1 2 3 4 5 6 7 |  7.3
Armour         | 1 2 3 5 8 |  8.2
Fighting       | 3 4 5 6 7 8 |  8.5
Evocations     | 4 6 |  6.3
Invocations    | 6 8 |  8.0
Spellcasting   | |  0.3

Action                   |  1- 3 |  4- 6 |  7- 9 | 10-12 || total
-------------------------+-------+-------+-------+-------++-------
Melee: Long sword        |    88 |    62 |   155 |       ||   305
       Kick              |    18 |    24 |    85 |   178 ||   305
       Great sword       |       |       |   124 |   399 ||   523
       Spear             |       |       |       |     2 ||     2
       Glaive            |       |       |       |     2 ||     2
 Fire: Hand crossbow     |     1 |    28 |     3 |    22 ||    54
Throw: Throwing net      |     1 |     1 |     1 |     3 ||     6
Invok: Animate Dead      |       |       |       |    19 ||    19
       Animate Remains   |       |       |       |     2 ||     2
       Recall Undead Sla |       |       |       |     1 ||     1
Evoke: Wand              |       |     5 |     2 |    10 ||    17
       Sack of spiders   |       |       |       |     3 ||     3
  Use: Scroll            |       |     3 |    11 |    10 ||    24
       Potion            |       |       |     3 |     6 ||     9
 Stab: Held in net/web   |       |     1 |       |       ||     1
       Distracted        |       |       |       |     4 ||     4
  Eat: Chunk             |     2 |     4 |     9 |    13 ||    28
       Ration            |       |       |     1 |     7 ||     8
Armor: Leather armour    |    32 |    11 |    92 |   170 ||   305
       Fire dragon scale |       |       |       |     6 ||     6
Dodge: Dodged            |    72 |    45 |   176 |   368 ||   661
       Rpst.: Long sword |    17 |    11 |    23 |       ||    51
       Great sword       |       |       |    25 |    84 ||   109

Table legend:
 A = Spawn XP
 B = Non-spawn XP
 C = Spawn XP percentage of total XP
 D = Spawn monster count
 E = Non-spawn monster count
 F = Spawn count percentage of total count
 G = Total turns spent on level
                    A         B        C        D         E        F      G
               +---------+---------+-------+---------+---------+-------+---------
         Total |       0 |   35391 |   0.0 |       0 |     444 |   0.0 | 14481
               +---------+---------+-------+---------+---------+-------+---------
           D:1 |       0 |      39 |   0.0 |       0 |      26 |   0.0 |   811
           D:2 |       0 |      22 |   0.0 |       0 |      12 |   0.0 |  1058
           D:3 |       0 |     803 |   0.0 |       0 |      66 |   0.0 |  1316
           D:4 |       0 |     669 |   0.0 |       0 |      44 |   0.0 |  1131
           D:5 |       0 |     958 |   0.0 |       0 |      26 |   0.0 |  1013
           D:6 |       0 |    1294 |   0.0 |       0 |      16 |   0.0 |   485
           D:7 |       0 |     830 |   0.0 |       0 |      16 |   0.0 |   506
           D:8 |       0 |    1569 |   0.0 |       0 |      25 |   0.0 |   788
           D:9 |       0 |    1451 |   0.0 |       0 |      21 |   0.0 |   525
          D:10 |       0 |    3286 |   0.0 |       0 |      36 |   0.0 |   892
          D:11 |       0 |    3561 |   0.0 |       0 |      28 |   0.0 |  1122
          D:12 |       0 |    2383 |   0.0 |       0 |      20 |   0.0 |   197
        Lair:1 |       0 |    2754 |   0.0 |       0 |      14 |   0.0 |   607
        Lair:2 |       0 |     541 |   0.0 |       0 |       5 |   0.0 |   703
        Lair:3 |       0 |    2736 |   0.0 |       0 |      13 |   0.0 |   876
        Lair:4 |       0 |    8058 |   0.0 |       0 |      37 |   0.0 |   847
        Lair:5 |       0 |     696 |   0.0 |       0 |       4 |   0.0 |    41
         Orc:1 |       0 |       3 |   0.0 |       0 |       1 |   0.0 |    11
           Lab |       0 |     445 |   0.0 |       0 |       2 |   0.0 |   324
         Sewer |       0 |     136 |   0.0 |       0 |       9 |   0.0 |   264
         IceCv |       0 |    3157 |   0.0 |       0 |      23 |   0.0 |   952
               +---------+---------+-------+---------+---------+-------+---------
